 Dungeon Crawl Stone Soup version 0.28-a0-1493-g08698888e4 (webtiles) character file.

Game seed: 11251446302556462076

257 a3don the Ducker (level 6, -10/46 HPs)
             Began as a Djinni Fire Elementalist on Jan 13, 2022.
             Was an Initiate of Yredelemnul.
             Mangled by Pikel (19 damage)
             ... on level 4 of the Dungeon.
             The game lasted 00:19:01 (4943 turns).

a3don the Ducker (Djinni Fire Elementalist)         Turns: 4943, Time: 00:19:02

Health: -10/46     AC:  3    Str:  7    XL:     6   Next: 39%
Gold:   156        EV: 14    Int: 18    God:    Yredelemnul [......] SH:  0 Dex: 20

rFire   + + .      SeeInvis .   b - +0 hunting sling
rCold   x . .      Faith    .   (no shield)
rNeg    . . .      Spirit   .   k - +0 robe
rPois   ∞          Reflect  .   (no helmet)
rElec   .          Harm     .   u - +0 cloak
rCorr   .          Rampage  .   (no gloves)
Will    .....                   (boots unavailable)
Stlth   ++........              (no amulet)
HPRegen 0.15/turn               d - +6 ring of dexterity
MPRegen 0.00/turn               (no ring)

@: flying
A: sickness immunity, fire resistance 2, cold vulnerability 1, float, innate
caster, hp casting, extra vitality 1
a: Renounce Religion, Recall Undead Harvest


You were on level 4 of the Dungeon.
You worshipped Yredelemnul.
Yredelemnul was noncommittal.
You visited 1 branch of the dungeon, and saw 4 of its levels.

You collected 168 gold pieces.
You spent 12 gold pieces at shops.

Inventory:

Hand Weapons
 a - a +0 spear
 b - a +0 hunting sling (weapon)
 f - a +0 dagger
 t - a +2 quarterstaff of chaos
 w - a +1 dagger of draining
Missiles
 m - 119 stones (quivered ammo)
Armour
 k - a +0 robe (worn)
 n - a scarf of harm
 u - a +0 cloak (worn)
Jewellery
 d - a +6 ring of dexterity (left hand)
 l - an amulet of faith
Wands
 v - a wand of flame (8)
Scrolls
 e - 3 scrolls of identify
 h - 3 scrolls of teleportation {unknown}
 j - a scroll of fog {unknown}
 p - a scroll of magic mapping {unknown}
 q - a scroll of enchant armour {unknown}
 s - a scroll of amnesia {unknown}
 x - 3 scrolls of enchant weapon {unknown}
Potions
 c - a potion of might
 g - 2 potions of invisibility
 i - 2 potions of attraction
 o - a potion of curing {unknown}
 r - 2 potions of haste {unknown}


   Skills:
 + Level 3.0 Fighting
 + Level 4.2 Dodging
 - Level 2.0 Stealth
 + Level 3.5 Spellcasting


You couldn't memorise any spells.
You knew the following spells:

 Your Spells              Type           Power      Damage    Failure   Level
a - Foxfire               Conj/Fire      60%        2x1d7     3%          1
b - Scorch                Fire           30%        2d6       5%          2
c - Conjure Flame         Conj/Fire      15%        6-21      11%         3
d - Inner Flame           Hex/Fire       15%        N/A       11%         3
e - Flame Wave            Conj/Fire      15%        2d5       36%         4
f - Shock                 Conj/Air       60%        1d6       3%          1
g - Searing Ray           Conj           30%        2d5       5%          2
Your spell library was empty.

Dungeon Overview and Level Annotations

Branches:
Dungeon (4/15)
 Temple: D:4-7

Altars:
Vehumet
Xom
Yredelemnul

Shops:
D:2 !

Annotations:
D:4 Pikel


Innate Abilities, Weirdness & Mutations

You are immune to sickness and miasma.
You are immune to poison.
Your flesh is very heat resistant. (rF++)
You are vulnerable to cold. (rC-)
You float through the air rather than walking.
You learn spells naturally, not from books.
Your magical power is your life essence.
You have superior vitality. (+4 MHP)


Message History

The lemure is moderately wounded.
The lemure's fire resistance burns away.
Pikel hits you with a +1 whip of electrocution.
* * * LOW HITPOINT WARNING * * *
The lemure is no longer more vulnerable to fire.
Pikel cracks his whip.
Pikel barely misses you.
You see here a +0 leather armour.
Pikel cracks his whip.
Casting: Scorch (safe; 5% risk of failure)
Confirm with . or Enter, or press ? or * to list all spells.
Flames lash Pikel.
Pikel is heavily wounded.
Pikel's fire resistance burns away.
Pikel misses you.
Casting: Scorch (safe; 5% risk of failure)
Confirm with . or Enter, or press ? or * to list all spells.
You miscast Scorch.
You are very lightly contaminated with residual magic.
Nothing appears to happen.
Pikel misses you.
Pikel is no longer more vulnerable to fire.
Your magical contamination has completely faded away.
You see here a +0 leather armour.
Pikel says, "You'll rust in Dis!"
Pikel says, "You'll make a fine lemure."
Casting: Scorch (safe; 5% risk of failure)
Confirm with . or Enter, or press ? or * to list all spells.
Flames lash Pikel.
Pikel is severely wounded.
Pikel's fire resistance burns away.
Casting: Scorch (safe; 5% risk of failure)
Confirm with . or Enter, or press ? or * to list all spells.
Flames lash the lemure.
The lemure is moderately wounded.
The lemure's fire resistance burns away.
Pikel misses you.
Pikel hits you with a +1 whip of electrocution!
* * * LOW HITPOINT WARNING * * *
You are electrocuted!!
You die...
Your body rises from the dead as a mindless zombie.

#####.# #....55..# #.....#
#.######## #.....# #.# #
#.....# #5# # #.....# #5#
# #####.# #.# # #(#
#5################ # #.#
#K#.............5. # #.#
#@#.#######.###### # #.#
#.#.# #.# # #.# #.#5# #.#
# #.# #.#.# #.#
#.#######.#5# #.######
#...........# #.).....
#########.################
#...5.5.5......5#
#...###########.#


You could see Pikel (combustible) and 3 lemures.

Vanquished Creatures
  A lemure (D:4)
  A bullfrog (D:4)
  Crazy Yiuf (D:3)
  Ijyb (D:4)
  A bullfrog skeleton (D:3)
  An adder (D:4)
  3 gnolls (D:2)
  A worm (D:2)
  2 dart slugs
  2 orcs (D:3)
  8 ball pythons
  2 endoplasms
  2 giant cockroaches
  2 goblins (D:1)
  5 hobgoblins
  8 jackals (D:1)
  6 kobolds
  4 quokkas
  8 bats
  5 frilled lizards
  2 rats (D:1)
66 creatures vanquished.

Vanquished Creatures (others)
  An adder zombie (D:4)
  A ball python zombie (D:4)
  A dart slug zombie (D:4)
  A kobold zombie (D:4)
  139 foxfires
143 creatures vanquished.

Grand Total: 209 creatures vanquished

Notes
Turn   | Place    | Note
-------+----------+-------------------------------------------
     0 | D:1      | a3don the Djinni Fire Elementalist began the quest for the
                  | Orb.
     0 | D:1      | Reached XP level 1. HP: 15/15 MP: 0/0
    98 | D:1      | Reached XP level 2. HP: 16/21 MP: 0/0
   667 | D:1      | Reached XP level 3. HP: 25/26 MP: 0/0
   667 | D:1      | Learned a level 1 spell: Shock
   705 | D:1      | Reached skill level 1 in Fighting
   791 | D:1      | Found a faded altar of an unknown god.
  1365 | D:2      | Found Cowiys's Distillery.
  1378 | D:2      | Reached skill level 3 in Dodging
  1378 | D:2      | Reached XP level 4. HP: 26/32 MP: 0/0
  1452 | D:2      | Bought a potion of degeneration for 12 gold pieces
  2580 | D:3      | Reached XP level 5. HP: 19/38 MP: 0/0
  2580 | D:3      | Learned a level 2 spell: Searing Ray
  3312 | D:3      | Found a faded altar of an unknown god.
  3502 | D:3      | Found a runed translucent door.
  3503 | D:3      | Noticed Crazy Yiuf
  3575 | D:3      | Found a shimmering altar of Xom.
  3575 | D:3      | Found a basalt altar of Yredelemnul.
  3612 | D:3      | Became a worshipper of Yredelemnul the Dark
  3874 | D:3      | Killed Crazy Yiuf
  4304 | D:4      | Noticed Ijyb
  4313 | D:4      | Killed Ijyb
  4314 | D:4      | Reached skill level 4 in Dodging
  4314 | D:4      | Reached XP level 6. HP: 32/45 MP: 0/0
  4497 | D:4      | Reached * piety under Yredelemnul
  4697 | D:4      | Noticed Pikel
  4943 | D:4      | Mangled by Pikel

Illustrated notes

Levels and vault maps discovered:
D:1:      lightli_arrival_lavapool, layout_basic, nicolae_ecumenical_lake_church
D:2:      layout_basic, serial_shops, nicolae_shop_advertising_works
          [nicolae_subvault_shop_adworks], grunt_ministairs_14,
          minmay_misc_feat_doors
D:3:      layout_loops_ring, nicolae_overflow_ecumenical_swirl,
          chequers_temple_overflow_statue_of_worship,
          minmay_misc_feat_nine_boxes, uniq_crazy_yiuf_cottage
D:4:      layout_basic, kennysheep_pointless_box, uniq_pikel, uniq_sigmund,
          uniq_ijyb

Skill      XL: |  1  2  3  4  5  6 |
---------------+-------------------+-----
Stealth        | 2 |  2.0
Fighting       | 1 2 3 |  3.0
Dodging        | 3 4 |  4.2
Spellcasting   | 3 |  3.5

Action                   |  1- 3 |  4- 6 || total
-------------------------+-------+-------++-------
 Fire: Hunting sling     |       |     4 ||     4
 Cast: Foxfire           |    59 |    25 ||    84
       Shock             |       |    16 ||    16
       Scorch            |       |    45 ||    45
       Conjure Flame     |       |     2 ||     2
       Searing Ray       |       |     2 ||     2
  Use: Scroll            |       |     3 ||     3
Armor: Robe              |     2 |     1 ||     3
Dodge: Dodged            |    11 |    16 ||    27

Table legend: (Time is in decaauts)
 A = Elapsed time spent in this place.
 B = Non-inter-level travel time spent in this place.
 C = Inter-level travel time spent in this place.
 D = Time resting spent in this place.
 E = Time spent auto-exploring this place.
 F = Levels seen in this place.
 G = Mean time per level.
                   A        B        C        D        E       F      G
               +--------+--------+--------+--------+--------+-----+--------+
         Total |   4941 |   4866 |     75 |    981 |   3086 |   4 | 1235.2 |
       Dungeon |   4941 |   4866 |     75 |    981 |   3086 |   4 | 1235.2 |
               +--------+--------+--------+--------+--------+-----+--------+

Top non-repeatable levels by time:
     D:3: 1446 daAuts
     D:2: 1285 daAuts
     D:1: 1222 daAuts
     D:4: 986 daAuts
